 Dungeon Crawl Stone Soup version 0.27.1-3-gb3d3a73c9e (webtiles) character file.

Game seed: 5524732525786985047

6782 pkoi the Grappler (level 10, -19/97 HPs)
             Began as a Troll Monk on Oct 19, 2021.
             Was a Priest of Makhleb.
             Shot with an arrow by a centaur warrior (25 damage)
             ... on level 9 of the Dungeon.
             The game lasted 00:13:10 (8390 turns).

pkoi the Grappler (Troll Monk)                      Turns: 8390, Time: 00:13:10

Health: -19/97     AC:  8    Str: 30    XL:     10   Next: 76%
Magic:  14/14      EV: 12    Int:  6    God:    Makhleb [***...]
Gold:   1957       SH:  0    Dex: 12    Spells: 9/9 levels left

rFire    . . .     SeeInvis +     - Unarmed
rCold    . . .     Faith    .   (no shield)
rNeg     . . .     Spirit   .   a - +1 robe
rPois    +         Reflect  .   (helmet restricted)
rElec    .         Harm     .   r - +2 cloak {rPois}
rCorr    .         Rampage  .   (gloves unavailable)
Will     .....                  (boots unavailable)
Stlth    ++........             (no amulet)
HPRegen  1.26/turn              c - ring of see invisible
MPRegen  0.14/turn              e - +6 ring of strength

@: studying Dodging
A: large, unfitting armour, claws 3, regeneration 1, shaggy fur 1, tough skin 1
a: Renounce Religion, Minor Destruction, Lesser Servant of Makhleb


You were on level 9 of the Dungeon.
You worshipped Makhleb.
Makhleb was most pleased with you.
You visited 2 branches of the dungeon, and saw 10 of its levels.

You collected 2711 gold pieces.
You spent 754 gold pieces at shops.

Inventory:

Missiles
 b - 6 poisoned darts
 f - 8 javelins (quivered)
 s - 11 curare-tipped darts
Armour
 a - a +1 robe (worn)
 r - a +2 cloak of poison resistance (worn)
Jewellery
 c - a ring of see invisible (left claw)
 d - an amulet of magic regeneration
 e - a +6 ring of strength (right claw)
Wands
 k - a wand of acid (6)
 n - a wand of mindburst (16)
 v - a wand of iceblast (15)
Scrolls
 h - 2 scrolls of immolation
 o - a scroll of enchant armour
 q - a scroll of teleportation
 t - 2 scrolls of blinking
 u - a scroll of identify
Potions
 g - 4 potions of might
 i - a potion of berserk rage
 j - 2 potions of magic
 l - 2 potions of flight
 m - 3 potions of cancellation
 p - a potion of curing
 w - a potion of attraction {unknown}


   Skills:
 + Level 5.6 Fighting
 + Level 6.4 Dodging
 - Level 1.0 Stealth
 * Level 11.4 Unarmed Combat
 * Level 7.9 Invocations


You had 9 spell levels left.
You didn't know any spells.
Your spell library contained the following spells:

 Spells                   Type           Power      Damage    Failure   Level
 Apportation              Tloc           0%         N/A       45%         1
 Sandblast                Erth           0%         2d4       45%         1
 Summon Small Mammal      Summ           0%         N/A       45%         1
 Passwall                 Tmut/Erth      0%         N/A       58%         2
 Dazzling Flash           Conj/Hex       0%         N/A       83%         3
 Gell's Gravitas          Tloc           0%         N/A       83%         3
 Teleport Other           Tloc           0%         N/A       83%         3
 Iskenderun's Mystic Bla  Conj/Tloc      0%         2d3       99%         4
 Summon Ice Beast         Ice/Summ       0%         N/A       99%         4
 Alistair's Intoxication  Tmut/Pois      0%         N/A       100%        5
 Lee's Rapid Deconstruct  Erth           0%         3d5*      100%        5
 Summon Mana Viper        Hex/Summ       0%         N/A       100%        5
 Dispersal                Tloc           0%         N/A       100%        6
 Invisibility             Hex            0%         N/A       100%        6
 Starburst                Conj/Fire      0%         6d3       100%        6
 Monstrous Menagerie      Summ           0%         N/A       100%        7


Dungeon Overview and Level Annotations

Branches:
Dungeon (9/15)             Temple (1/1) D:5
   Lair: D:8-11         Orc: D:9-12

Altars:
Ashenzari
Cheibriados
Dithmenos
Elyvilon
Fedhas
Hepliaklqana
Kikubaaqudgha
Makhleb
Okawaru
Ru
Sif Muna
Trog
Uskayaw
Vehumet
Wu Jian
Xom
Yredelemnul
Zin
The Shining One

Shops:
D:5 **   D:7 ??   D:8 :


Innate Abilities, Weirdness & Mutations

You are too large for most types of armour.
You have claws for hands.
Your natural rate of healing is unusually fast.
You are covered in fur. (AC +1)
You have tough skin. (AC +1)


Message History

Your hellwing hits the death knight but does no damage.
The death knight hits your hellwing with a +0 broad axe!!
Your hellwing dies!
The centaur warrior shoots an arrow.
The arrow hits you!
The death knight offers itself to Yredelemnul, and fills with unholy energy.
You see here a +0 shortbow.
There is an open door, spattered with blood here.
You see here 23 arrows.
You close the door.
A death knight opens the door.
The death knight mumbles some strange prayers to Yredelemnul against you.
Your body is wracked with pain!
* * * LOW HITPOINT WARNING * * *
There is a stone staircase leading up here.
You climb upwards.
There is a stone staircase leading down here.
You start resting.
HP restored.
There is a stone staircase leading down here.
You climb downwards.
There is a stone staircase leading up here.
You enter the shallow water.
Moving in this stuff is going to be slow.
You enter the shallow water.
Moving in this stuff is going to be slow.
A centaur warrior is nearby!
The centaur warrior shouts!
The centaur warrior shoots an arrow.
The arrow hits you!
The centaur warrior shoots an arrow.
The arrow hits you!!
The centaur warrior shoots an arrow.
The arrow hits you!!
You hear a shout!
The centaur warrior shoots an arrow.
The arrow closely misses you.
The centaur warrior shoots an arrow.
The arrow hits you!
* * * LOW HITPOINT WARNING * * *
The centaur warrior shoots an arrow.
The arrow hits you!!
* * * LOW HITPOINT WARNING * * *
The centaur warrior shoots an arrow.
The arrow hits you!!
* * * LOW HITPOINT WARNING * * *
The centaur warrior shoots an arrow.
The arrow hits you!!
You die...

.######.........##### #...# ...
##.............c.##.## ##### #.#
........##...........## #.#
#.......###...........#### ...
#......## ####...........# #.#
#.....######.............#
##...####.#..............##
###.###..................##
####..##........@.##.......##
#.......≈......#>.##.###....####
≈≈≈≈.≈≈≈≈.≈≈≈.≈...#..# #.......#
≈≈≈≈≈≈≈≈≈≈≈≈≈≈≈......# #.......#
≈≈≈≈≈≈≈≈≈≈≈≈≈≈≈≈.#...#≈#.......##
≈≈≈≈≈≈)≈≈.≈≈≈≈≈≈#.....≈.##......#
....≈..≈.≈.#≈≈≈≈#..##.≈....##....
#####.##...#≈≈≈≈#...#.≈.##.#.....
#.####.# ≈≈≈##..##≈###......#


You could see a centaur warrior.

Vanquished Creatures
  2 boulder beetles (D:9)
  A two-headed ogre (D:9)
  An unseen horror (D:9)
  Grinder (D:5)
  A wraith (D:9)
  A yak (D:9)
  4 vampire mosquitoes (D:6)
  A water moccasin (D:7)
  3 ogres
  A sky beast (D:7)
  An ice beast (D:8)
  A black bear (D:7)
  A necrophage (D:7)
  6 centaurs
  2 phantoms
  3 kobold brigands
  A bullfrog (D:7)
  A gnoll sergeant (D:8)
  A scorpion (D:4)
  A water moccasin zombie (D:7)
  5 killer bees
  7 wights (D:9)
  A howler monkey (D:9)
  An orc priest (D:6)
  A jelly (D:7)
  3 bullfrog skeletons
  3 hounds
  3 iguanas
  3 iron imps (D:4)
  Terence (D:3)
  A gnoll shaman (D:4)
  A scorpion zombie (D:5)
  5 orc wizards
  Robin (D:3)
  3 howler monkey zombies
  24 gnolls
  6 adders
  2 shadow imps
  3 white imps
  An adder skeleton (D:4)
  A worm (D:4)
  4 dart slugs
  18 orcs
  2 endoplasms
  8 giant cockroaches
  21 goblins
  4 hobgoblins
  4 quokkas
  8 ball pythons
  4 bats
  3 frilled lizards
  22 kobolds
  4 rats
212 creatures vanquished.

Vanquished Creatures (collateral kills)
  An ugly thing (D:8)
  An orc warrior (D:8)
2 creatures vanquished.

Vanquished Creatures (others)
  A hobgoblin (D:9)
1 creature vanquished.

Grand Total: 215 creatures vanquished

Notes
Turn   | Place    | Note
-------+----------+-------------------------------------------
     0 | D:1      | pkoi the Troll Monk began the quest for the Orb.
     0 | D:1      | Reached XP level 1. HP: 22/22 MP: 0/0
   375 | D:1      | Reached XP level 2. HP: 29/29 MP: 1/1
   732 | D:2      | Reached skill level 4 in Unarmed Combat
   866 | D:2      | Reached XP level 3. HP: 31/36 MP: 2/2
  1090 | D:2      | Reached XP level 4. HP: 31/44 MP: 3/3
  1131 | D:2      | Reached skill level 5 in Unarmed Combat
  1229 | D:3      | Noticed Robin
  1238 | D:3      | Killed Robin
  1285 | D:3      | Found a faded altar of an unknown god.
  1405 | D:3      | Reached XP level 5. HP: 50/50 MP: 4/4
  1455 | D:3      | Noticed Terence
  1456 | D:3      | Found a bloodstained altar of Trog.
  1464 | D:3      | Killed Terence
  1465 | D:3      | Reached skill level 6 in Unarmed Combat
  1474 | D:3      | Found a shimmering blue altar of Sif Muna.
  1479 | D:3      | Got Sif Muna's Handbook of Creation
  2051 | D:4      | Reached XP level 6. HP: 59/59 MP: 5/5
  2076 | D:4      | Reached skill level 7 in Unarmed Combat
  2177 | D:4      | Found a burning altar of Makhleb.
  2204 | D:4      | Became a worshipper of Makhleb the Destroyer
  2204 | D:4      | Reached * piety under Makhleb
  2204 | D:4      | Reached ** piety under Makhleb
  2269 | D:4      | Reached skill level 1 in Invocations
  2269 | D:4      | Reached XP level 7. HP: 16/66 MP: 6/6
  2440 | D:4      | Reached skill level 8 in Unarmed Combat
  2460 | D:4      | Found a broken altar of Ashenzari.
  2463 | D:4      | Found a white marble altar of Elyvilon.
  2466 | D:4      | Found a shadowy altar of Dithmenos.
  2469 | D:4      | Found a radiant altar of Vehumet.
  2661 | D:5      | Entered Level 5 of the Dungeon
  2767 | D:5      | Found a staircase to the Ecumenical Temple.
  2776 | Temple   | Entered the Ecumenical Temple
  2874 | D:5      | Noticed Grinder
  2884 | D:5      | Killed Grinder
  2885 | D:5      | Reached XP level 8. HP: 42/75 MP: 7/9
  2944 | D:5      | Identified a scroll of acquirement
  2944 | D:5      | Acquired a +2 cloak of poison resistance
  2991 | D:5      | Found Louqy's Assorted Antiques.
  3522 | D:5      | Found an ancient bone altar of Kikubaaqudgha.
  3539 | D:5      | Found Guint's General Store.
  4063 | D:6      | Acquired 1124 gold pieces
  4202 | D:6      | Reached skill level 9 in Unarmed Combat
  4220 | D:6      | Reached *** piety under Makhleb
  4687 | D:7      | Found Irierife's Magic Scroll Boutique.
  4690 | D:7      | Bought a scroll of acquirement for 676 gold pieces
  4690 | D:7      | Bought a scroll of identify for 26 gold pieces
  4690 | D:7      | Bought a scroll of identify for 26 gold pieces
  4690 | D:7      | Bought a scroll of identify for 26 gold pieces
  4690 | D:7      | Acquired 1060 gold pieces
  4719 | D:7      | Reached XP level 9. HP: 84/84 MP: 11/11
  4720 | D:7      | Identified the +7 scale mail of Reasonable Brilliance
                  | {rC+++ MP+9 Dex+9 Slay-2}
  4721 | D:7      | Found Agush's Magic Scroll Boutique.
  4973 | D:7      | Reached skill level 5 in Invocations
  5574 | D:8      | Found Ogail's Book Shoppe.
  5689 | D:8      | Reached skill level 10 in Unarmed Combat
  6896 | D:9      | Acquired a manual of Dodging
  6907 | D:9      | Reached **** piety under Makhleb
  6975 | D:9      | Reached skill level 5 in Dodging
  7035 | D:9      | Reached XP level 10. HP: 94/94 MP: 13/13
  7043 | D:9      | Reached skill level 5 in Fighting
  7061 | D:9      | Noticed a red ugly thing
  7064 | D:9      | Noticed a boulder beetle
  7142 | D:8      | HP: 4/96 [purple ugly thing (15)]
  7146 | D:8      | Killed a purple ugly thing
  7391 | D:8      | HP: 3/96 [orc warrior (8)]
  7614 | D:9      | Noticed a two-headed ogre
  7625 | D:9      | Killed a two-headed ogre
  7786 | D:9      | Killed a boulder beetle
  7787 | D:9      | Reached skill level 11 in Unarmed Combat
  7939 | D:9      | Found a sacrificial altar of Ru.
  8167 | D:9      | Noticed a boulder beetle
  8196 | D:9      | Killed a boulder beetle
  8230 | D:9      | Noticed a death knight
  8275 | D:9      | Noticed a centaur warrior
  8387 | D:9      | HP: 3/97 [centaur warrior/arrow (24)]
  8390 | D:9      | Shot with an arrow by a centaur warrior

Illustrated notes

Levels and vault maps discovered:
D:1:      matt_arrival_los_fun, layout_basic
D:2:      layout_rooms, minmay_misc_feat_secret_circle
D:3:      layout_loops_ring, nzn_overflow_gifts_of_might_and_magic,
          hellmonk_ecumenical_altar_blasted, uniq_robin
D:4:      minmay_chambers_of_twos, layout_basic, demons_altar,
          grunt_temple_overflow_cloverleaf, gup_sewer_entry_spiral
D:5:      layout_cave_pods, nicolae_kikubaaqudgha_miasma_corner,
          minmay_temple_entry_mist, serial_shops, nicolae_take_the_stairs,
          nicolae_shop_behind_doors, uniq_grinder
D:6:      layout_loops_corners
D:7:      layout_gridville, serial_shops, nicolae_stop_n_shop_2,
          nicolae_shop_crystal
D:8:      layout_gridville, serial_shops, shop, kennysheep_windowed_goal
D:9:      hangedman_cross_veins, layout_cave_pools,
          nicolae_ru_great_annihilating_truth, serial_rivers,
          chequers_serial_rivers_micro_a, chequers_serial_rivers_marsh,
          chequers_serial_rivers_large_a, chequers_serial_rivers_large_b,
          chequers_serial_rivers_micro_b
Temple:   zaba_magenta_temple

Skill      XL: |  1  2  3  4  5  6  7  8  9 10 |
---------------+-------------------------------+-----
Unarmed Combat | 4 5 6 7 8 9 10 11 | 11.4
Invocations    | 1 2 4 6 7 |  7.9
Fighting       | 3 4 5 |  5.6
Dodging        | 3 5 6 |  6.4
Stealth        | |  1.0

Action                   |  1- 3 |  4- 6 |  7- 9 | 10-12 || total
-------------------------+-------+-------+-------+-------++-------
Melee: Unarmed           |    68 |   168 |   267 |    98 ||   601
       Punch             |     2 |     2 |     4 |     6 ||    14
Invok: Lesser Servant of |       |       |       |    10 ||    10
  Use: Scroll            |     1 |     7 |    13 |       ||    21
 Stab: Sleeping          |     1 |       |     4 |     1 ||     6
       Invisible         |       |       |       |     1 ||     1
Armor: Robe              |    23 |    35 |    95 |    28 ||   181
Dodge: Dodged            |    29 |    79 |   150 |    60 ||   318
